 Dungeon Crawl Stone Soup version 0.31-a0-691-g409c26aa35 (webtiles) character file.

Game seed: 9260747225326882445

434 iamoutofideas the Cleaver (level 7, -1/61 HPs)
             Began as a Hill Orc Berserker on Sept 7, 2023.
             Was a Believer of Trog.
             Succumbed to a scorpion's poison
             ... on level 5 of the Dungeon.
             The game lasted 00:03:16 (3963 turns).

iamoutofideas the Cleaver (Hill Orc Berserker)      Turns: 3963, Time: 00:03:16

Health: -1/61      AC:  5    Str: 26    XL:     7   Next: 0%
Magic:  7/7        EV: 12    Int:  6    God:    Trog [**....]
Gold:   226        SH:  0    Dex:  9    Spells: 6/6 levels left

rFire   . . .        a - +0 hand axe
rCold   . . .        (no shield)
rNeg    . . .        b - +0 animal skin
rPois   .            (no helmet)
rElec   .            (no cloak)
rCorr   .            f - +0 pair of gloves
SInv    +            (no boots)
Will    +....        (no amulet)
Stlth   +            (no ring)
HPRegen 0.30/turn    (no ring)
MPRegen 0.10/turn

%: no passive effects
@: brilliant, lethally poisoned (-1 -> -10), enlightened, flying
A: claws 1, iridescent scales 1, see invisible, strong 1
a: Renounce Religion, Berserk, Trog's Hand


You were on level 5 of the Dungeon.
You worshipped Trog.
Trog was pleased with you.
You visited 1 branch of the dungeon, and saw 5 of its levels.

You collected 226 gold pieces.

Inventory:

Hand Weapons
 a - a +0 hand axe (weapon)
Armour
 b - a +0 animal skin (worn)
 f - a +0 pair of gloves (worn)
Wands
 j - a wand of flame (17)
 m - a wand of charming (19)
 q - a wand of quicksilver (8)
Scrolls
 e - 2 scrolls of teleportation {unknown}
 g - 2 scrolls of vulnerability {unknown}
 i - 3 scrolls of acquirement {unknown}
 n - 2 scrolls of poison {unknown}
 p - 2 scrolls of immolation {unknown}
Potions
 h - a potion of mutation
 k - a potion of lignification {unknown}
 l - a potion of attraction {unknown}
 o - 2 potions of haste {unknown}


   Skills:
 - Level 5.0 Fighting
 * Level 8.8 Axes
 + Level 2.3 Armour
 + Level 2.3 Dodging


You had 6 spell levels left.
You didn't know any spells.
Your spell library contained the following spells:

 Spells                   Type           Power      Damage    Failure   Level
 Foxfire                  Conj/Fire      0%         2x1d4     45%         1
 Plasma Beam              Fire/Air       0%         2x1d10    100%        6
 Starburst                Conj/Fire      0%         6d3       100%        6


Dungeon Overview and Level Annotations

Branches:
Dungeon (5/15)
 Temple: D:4-7

Altars:
Trog


Innate Abilities, Weirdness & Mutations

You have sharp fingernails.
You are partially covered in iridescent scales. (AC +2)
You have supernaturally acute eyesight. (SInv)
Your muscles are strong. (Str +4, Int/Dex -1)


Message History

You are more poisoned.
The scorpion poisons you!
You closely miss the scorpion.
The scorpion is heavily wounded.
You feel very sick. The scorpion closely misses you.
You are too injured to fight recklessly!
You are too injured to fight recklessly!
A scorpion is nearby!
You feel very sick.
You hit the scorpion but do no damage.
The scorpion is heavily wounded.
You feel very sick. The scorpion stings you.
* * * LOW HITPOINT WARNING * * *
You closely miss the scorpion.
The scorpion is heavily wounded.
You feel sick. The scorpion barely misses you.
You hit the scorpion.
The scorpion is severely wounded.
You feel sick. The scorpion completely misses you.
You hit the scorpion.
The scorpion is almost dead.
You feel sick. The scorpion stings you.
* * * LOW HITPOINT WARNING * * *
It was a potion of mutation.
You feel extremely strange.
You feel stronger.
Your fingernails lengthen.
Your vision sharpens.
Iridescent scales grow over part of your body.
You feel sick.
The scorpion stings you but does no damage.
It was a potion of enlightenment.
You feel very buoyant.
You fly up into the air.
You feel sick. The scorpion misses you. The scorpion stings you.
* * * LOW HITPOINT WARNING * * *
You are more poisoned.
The scorpion poisons you!
It was a potion of brilliance.
You feel clever all of a sudden.
You die...

#######..## #.#
#...## #.#
.......#..####.###
.########.##.....#
#.##.....#
#.##.....####
#..#..?.....#
##.#........#
#.#...@s...#
#.###.##...#
#...#.# ...#
###...# ...# ##..#
...# #..# ...#
#..# ...# #..#
...# ....


You could see a scorpion.

Vanquished Creatures
  A scorpion (D:3)
  An orc priest (D:4)
  A hound (D:4)
  A sleepcap (D:5)
  Jessica (D:2)
  Natasha (thrice) (D:3)
  An iguana (D:4)
  An orc wizard (D:4)
  4 adders
  3 gnolls (D:3)
  2 worms
  3 dart slugs
  5 orcs
  8 ball pythons
  5 endoplasms
  A giant cockroach (D:3)
  4 hobgoblins
  2 kobolds
  4 quokkas
  3 bats
  4 frilled lizards
  7 goblins
  5 rats
70 creatures vanquished.

Notes
Turn   | Place    | Note
-------+----------+-------------------------------------------
     0 | D:1      | iamoutofideas the Hill Orc Berserker began the quest for
                  | the Orb.
     0 | D:1      | Reached XP level 1. HP: 19/19 MP: 1/1
     2 | D:1      | Noticed a demonspawn
     2 | D:1      | Noticed a merfolk
     4 | D:1      | Noticed a gargoyle
     4 | D:1      | Noticed a ghoul
     6 | D:1      | Noticed a draconian
     6 | D:1      | Noticed a human
     8 | D:1      | Noticed a felid
     8 | D:1      | Noticed an elf
    10 | D:1      | Noticed a meteoran
    12 | D:1      | Noticed a vampire
    14 | D:1      | Noticed a minotaur
    14 | D:1      | Noticed a troll
    16 | D:1      | Noticed a tengu
    16 | D:1      | Noticed a vine stalker
    18 | D:1      | Noticed a formicid
    18 | D:1      | Noticed an ogre
    20 | D:1      | Noticed a spriggan
    22 | D:1      | Noticed a demigod
    22 | D:1      | Noticed a naga
    24 | D:1      | Noticed an octopode
    26 | D:1      | Noticed a troll
    26 | D:1      | Noticed a minotaur
   176 | D:1      | Reached XP level 2. HP: 13/26 MP: 2/2
   359 | D:1      | Found a faded altar of an unknown god.
   838 | D:2      | Reached XP level 3. HP: 19/33 MP: 3/3
   962 | D:2      | Reached ** piety under Trog
  1039 | D:2      | Reached skill level 5 in Axes
  1391 | D:2      | Found a bloodstained altar of Trog.
  1526 | D:2      | Noticed Jessica
  1539 | D:2      | Killed Jessica
  1540 | D:2      | Reached XP level 4. HP: 12/41 MP: 4/4
  1820 | D:3      | Reached skill level 6 in Axes
  1820 | D:3      | Reached XP level 5. HP: 30/47 MP: 5/5
  1973 | D:3      | Noticed Natasha
  1991 | D:3      | Killed Natasha
  1992 | D:3      | Reached skill level 5 in Fighting
  2313 | D:3      | Identified the +4 ring mail of the Barracuda {*Corrode rC+
                  | Str+4}
  2342 | D:3      | Reached skill level 7 in Axes
  2477 | D:3      | Reached XP level 6. HP: 39/56 MP: 6/6
  2510 | D:3      | Noticed Natasha
  2519 | D:3      | Killed Natasha
  3078 | D:3      | Noticed Natasha
  3085 | D:3      | Killed Natasha
  3301 | D:4      | Reached skill level 8 in Axes
  3766 | D:5      | Entered Level 5 of the Dungeon
  3906 | D:5      | Reached XP level 7. HP: 50/61 MP: 7/7
  3961 | D:5      | Gained mutation: Your muscles are strong. (Str +4, Int/Dex
                  | -1) [potion of mutation]
  3961 | D:5      | Gained mutation: You have sharp fingernails. [potion of
                  | mutation]
  3961 | D:5      | Gained mutation: You have supernaturally acute eyesight.
                  | (SInv) [potion of mutation]
  3961 | D:5      | Gained mutation: You are partially covered in iridescent
                  | scales. (AC +2) [potion of mutation]
  3962 | D:5      | HP: 2/61 [scorpion (3)]
  3963 | D:5      | Succumbed to a scorpion's poison

Illustrated notes

Levels and vault maps discovered:
D:1:      kb_arrival_jail, layout_basic, dreamdust_ecumenical_altar_grove
D:2:      layout_loops_ring, basic_altar, grunt_decor_one_mirror,
          amcnicky_mini_rare_corridor_liquid, uniq_jessica
D:3:      layout_basic, serial_bayou_pond_e, grunt_decor_cap,
          minmay_starry_boxes, uniq_natasha
D:4:      layout_basic
D:5:      layout_basic, lemuel_crystal_altar, minmay_temple_entry_large_hall,
          serial_shops, shop

Skill      XL: |  1  2  3  4  5  6 |
---------------+-------------------+-----
Fighting       | 4 5 |  5.0
Axes           | 5 6 7 8 |  8.8
Dodging        | 2 |  2.3
Armour         | |  2.3

Action                     |  1- 3 |  4- 6 |  7- 9 || total
---------------------------+-------+-------+-------++-------
  Melee: Hand axe          |    83 |   138 |    14 ||   235
         Punch             |     1 |     2 |       ||     3
 Invoke: Berserk           |     2 |     4 |       ||     6
    Use: Potion            |       |       |     3 ||     3
   Stab: Sleeping          |     1 |     1 |       ||     2
 Armour: Animal skin       |    40 |    74 |    11 ||   125
  Dodge: Dodged            |    53 |    60 |     7 ||   120

Table legend: (Time is in decaauts)
 A = Elapsed time spent in this place.
 B = Non-inter-level travel time spent in this place.
 C = Inter-level travel time spent in this place.
 D = Time resting spent in this place.
 E = Time spent auto-exploring this place.
 F = Levels seen in this place.
 G = Mean time per level.
                   A        B        C        D        E       F      G
               +--------+--------+--------+--------+--------+-----+--------+
         Total |   4020 |   3946 |     74 |    633 |   2799 |   5 |  804.0 |
       Dungeon |   4020 |   3946 |     74 |    633 |   2799 |   5 |  804.0 |
               +--------+--------+--------+--------+--------+-----+--------+

Top non-repeatable levels by time:
     D:3: 1425 daAuts
     D:2: 980 daAuts
     D:1: 789 daAuts
     D:4: 632 daAuts
     D:5: 194 daAuts
